 Dungeon Crawl Stone Soup version 0.28-a0-239-g68911e0c57 (webtiles) character file.

Game seed: 15026327085836304335

59 siradein the Chopper (level 3, 0/29 HPs)
             Began as a Demonspawn Berserker on Aug 24, 2021.
             Was a Follower of Trog.
             Slain by a goblin (2 damage)
             ... on level 2 of the Dungeon.
             The game lasted 00:03:13 (1791 turns).

siradein the Chopper (Demonspawn Berserker)         Turns: 1791, Time: 00:03:13

Health: 0/29       AC:  3    Str: 18    XL:     3   Next: 78%
Magic:  3/3        EV: 11    Int:  8    God:    Trog [*.....]
Gold:   61         SH:  0    Dex: 12    Spells: 2/2 levels left

rFire   . . .      SeeInvis .     - Unarmed
rCold   . . .      Faith    .   (no shield)
rNeg    . . .      Spirit   .   d - +0 leather armour
rPois   .          Reflect  .   (no helmet)
rElec   .          Harm     .   (no cloak)
rCorr   +          Rampage  .   (no gloves)
Will    .....                   (no boots)
Stlth   +.........              (no amulet)
HPRegen 0.09/turn               f - ring of resist corrosion
MPRegen 0.08/turn               (no ring)

@: no status effects
A: claws 1, ignite blood 1
a: Renounce Religion, Berserk


You were on level 2 of the Dungeon.
You worshipped Trog.
Trog was aware of your devotion.
You visited 1 branch of the dungeon, and saw 2 of its levels.

You collected 61 gold pieces.

Inventory:

Armour
 d - a +0 leather armour (worn)
Jewellery
 f - a ring of resist corrosion (left claw)
Scrolls
 a - a scroll of blinking {unknown}
 c - 2 scrolls of teleportation {unknown}
Potions
 b - a potion of degeneration {unknown}
 e - a potion of curing {unknown}


   Skills:
 - Level 3.0 Fighting
 - Level 3.8 Axes
 - Level 1.7 Armour
 - Level 1.7 Dodging
 + Level 1.7 Unarmed Combat


You had 2 spell levels left.
You didn't know any spells.
Your spell library was empty.

Dungeon Overview and Level Annotations

Branches:
Dungeon (2/15)

Altars:

Shops:
D:2 :


Innate Abilities, Weirdness & Mutations

You have sharp fingernails.
Your demonic aura sometimes causes spilled blood to erupt in flames.


Message History

A goblin is nearby!
A goblin is nearby!
A goblin is nearby!
A goblin is nearby!
An adder comes into view.
The goblin shoots a stone.
The stone hits you but does no damage.
The goblin shoots a stone.
The stone hits you.
You scratch the adder.
The adder is heavily wounded.
The adder bites you.
You are poisoned.
The adder poisons you! The adder bites you.
You are more poisoned.
The adder poisons you!
You feel very sick. The adder bites you but does no damage.
You feel very sick.
You feel sick. The adder bites you.
You are too injured to fight recklessly!
You are too injured to fight recklessly!
You feel sick.
You feel sick.
You feel sick.
You feel sick.
You feel sick.
You feel sick.
You are no longer poisoned.
You scratch the adder.
The adder is heavily wounded.
The adder closely misses you.
You scratch the adder.
You kill the adder!
Trog accepts your kill.
The goblin shoots a stone.
The stone hits you.
* * * LOW HITPOINT WARNING * * *
The goblin shoots a stone.
The stone hits you.
* * * LOW HITPOINT WARNING * * *
The goblin unwields a +0 hunting sling.
The goblin wields a +0 club.
The goblin hits you with a +0 club.
You die...

.#.#.#.#.#(.....#
...........#.#g#....#
#.#.#.#.#.##.#.#.###.###.###
...........#.#g#.# .. ....#
#.#.#.#.#.##†#.#.###.# #.#.# .
....>......#.#......# #.#.# .
#.#.#.#.#.#..###.#.## ##.#.# ..
..............##g#.# ##....####..
#.#.#.#.#.###...@..###.....##....
........†............)........##.
#.#.#.#.#.#.#..#.#####.....#..#..
............#..#.# ##...#....)#
#.#.#)#.#.#.#..#.# ####.#..#..
............#.#..# #.#..##.
#.#.#.#.#.#..###... ######.#..##>
...###.###.#.#..##..............
### #.. ..#..#.# ########.####


You could see a goblin.

Vanquished Creatures
  2 adders (D:2)
  3 dart slugs
  2 bats
  2 endoplasms
  2 giant cockroaches (D:1)
  7 goblins
  4 hobgoblins
  2 quokkas (D:2)
  3 ball pythons
  2 frilled lizards
  4 kobolds
33 creatures vanquished.

Notes
Turn   | Place    | Note
-------+----------+-------------------------------------------
     0 | D:1      | siradein the Demonspawn Berserker began the quest for the
                  | Orb.
     0 | D:1      | Reached XP level 1. HP: 18/18 MP: 1/1
   152 | D:1      | Found a faded altar of an unknown god.
   400 | D:1      | Gained mutation: Your demonic aura sometimes causes spilled
                  | blood to erupt in flames. [demonic ancestry]
   400 | D:1      | Reached XP level 2. HP: 24/24 MP: 2/2
  1074 | D:2      | Gained mutation: You have sharp fingernails. [demonic
                  | ancestry]
  1074 | D:2      | Reached XP level 3. HP: 29/29 MP: 3/3
  1183 | D:2      | Found Xuxo's Book Boutique.
  1266 | D:2      | Reached skill level 1 in Unarmed Combat
  1791 | D:2      | Slain by a goblin

Illustrated notes

Levels and vault maps discovered:
D:1:      dpeg_arrival_tiny_k, layout_basic, ebering_ecumenical_altar_mist
D:2:      layout_loops_ring, basic_altar, serial_shops, shop, st_stairs_11,
          uniq_crazy_yiuf_cottage, uniq_jessica

Skill      XL: |  1  2  3 |
---------------+----------+-----
Axes           | 3 |  3.8
Unarmed Combat | 1 |  1.7
Fighting       | |  3.0
Armour         | |  1.7
Dodging        | |  1.7

Action                   || total
-------------------------++-------
Melee: Hand axe          ||    63
       Unarmed           ||    41
Armor: Animal skin       ||     4
       Leather armour    ||    25
Dodge: Dodged            ||    70

Table legend: (Time is in decaauts)
 A = Elapsed time spent in this place.
 B = Non-inter-level travel time spent in this place.
 C = Inter-level travel time spent in this place.
 D = Time resting spent in this place.
 E = Time spent auto-exploring this place.
 F = Levels seen in this place.
 G = Mean time per level.
                   A        B        C        D        E       F      G
               +--------+--------+--------+--------+--------+-----+--------+
         Total |   1798 |   1786 |     12 |    277 |   1192 |   2 |  899.0 |
       Dungeon |   1798 |   1786 |     12 |    277 |   1192 |   2 |  899.0 |
               +--------+--------+--------+--------+--------+-----+--------+

Top non-repeatable levels by time:
     D:1: 983 daAuts
     D:2: 815 daAuts
